AoeStats
← aleix.car

Arena

510340488Analyzed
1v1 RM · 1d ago on Sep 30, 2026· 44m 20s· 2 players
Game mode
Random Map
Map size
Tiny (2 player)
Population
200
Speed
Normal
Resources
Standard
Victory
Conquest
Starting age
Dark Age
Ending age
Imperial Age
RankedLock teamsTeams togetherTeam positionsShared explorationLock speedFull tech treeHidden civsTurbo modeCheats
Victory
Defeat
🇪🇸 Romans · Spain
970
+15
🇺🇸 Burmese · United States
959
-41
Paaperman
9:32 Loom
12:22 Feudal Age
14:08 Wheelbarrow
14:14 Town Watch
18:12 Castle Age
16:42 Gold Mining
16:42 Stone Mining
17:13 Padded Archer Armor
18:09 Horse Collar
25:38 Fletching
27:12 Bodkin Arrow
29:55 Husbandry
30:29 Masonry
32:58 Forging
32:33 Man-at-Arms
33:14 Squires
33:00 Gambesons
33:19 Squires
32:40 Pikeman
35:36 Murder Holes
35:53 Fortified Wall
38:30 Imperial Age
38:58 Bloodlines
40:32 Howdah
40:52 Conscription
42:59 Scale Barding Armor
43:29 Iron Casting
44:01 Chain Barding Armor
aleix.car
11:48 Feudal Age
12:40 Man-at-Arms
16:02 Castle Age
15:32 Scale Mail Armor
15:35 Double-Bit Axe
15:50 Gold Mining
16:15 Long Swordsman
18:51 Loom
22:37 Chain Mail Armor
22:45 Chain Mail Armor
22:43 Forging
23:43 Wheelbarrow
28:28 Imperial Age
28:23 Gold Shaft Mining
29:20 Iron Casting
28:37 Fletching
29:35 Conscription
28:40 Capped Ram
29:43 Bow Saw
29:28 Town Watch
30:01 Hand Cart
32:51 Bloodlines
32:42 Husbandry
33:13 Scale Barding Armor
34:09 Blast Furnace
33:43 Ballistas
33:44 Elite Centurion
36:59 Chemistry
37:06 Chain Barding Armor
40:08 Heavy Scorpion
43:21 Murder Holes
Connection lost

Rejoining the realm…

Still unreachable

The connection could not be restored.

Session expired

The server has moved on; the page needs a fresh start.